 Dungeon Sprint DCSS version 0.24-a0-484-g962a3eeff7 (webtiles) character file.

Game seed: 621066189261854743

13900000 Groucho the Intangible (level 27, -9/174 HPs)
             Began as a Spriggan Abyssal Knight on July 8, 2019.
             Was the Champion of Makhleb.
             Killed by divine providence
             ... invoked by an accursed
              (12 damage)
             ... in the Dungeon (Sprint VIII: "Arena of Blood").
             The game lasted 00:06:44 (139 turns).

Groucho the Intangible (Spriggan Abyssal Knight)     Turns: 139, Time: 00:06:44

Health: -9/174     AC:  4    Str:  8    XL:     27
Magic:  46/55      EV: 44    Int: 16    God:    Makhleb [******]
Gold:   0          SH:  0    Dex: 26    Spells: 80/80 levels left

rFire    . . .     SeeInvis +   j - +∞ Axe of Woe
rCold    . . .     Gourm    .   (shield currently unavailable)
rNeg     . . .     Faith    .   b - +0 robe
rPois    .         Spirit   .   (helmet restricted)
rElec    .         Reflect  .   (no cloak)
rCorr    .         Harm     .   (gloves unavailable)
MR       ++++.     NoTele   +   (boots unavailable)
Stlth    +++++++++.             (no amulet)
HPRegen  0.39/turn              f - +250 ring of slaying
MPRegen  0.34/turn              l - +250 ring of slaying

@: very quick
A: very small, unfitting armour, see invisible, herbivore, speed 3, slow
metabolism 2
a: Minor Destruction, Lesser Servant of Makhleb, Major Destruction, Greater
Servant of Makhleb, Renounce Religion


You were in the Dungeon.
You worshipped Makhleb.
Makhleb was exalted by your worship.
You were not hungry.

You visited 1 branch

Inventory:

Hand Weapons
 a - a +1 short sword
 j - the +∞ Axe of Woe (weapon)
   (You found it in the Dungeon)
Armour
 b - a +0 robe (worn)
Jewellery
 f - a +250 ring of slaying (left hand)
 k - a +100 ring of slaying
 l - a +250 ring of slaying (right hand)
Scrolls
 i - a scroll of blinking
Potions
 d - a potion of curing
 e - a potion of heal wounds
 g - 2 potions of magic
 h - a potion of berserk rage
Comestibles
 c - a ration


   Skills:
 O Level 27 Fighting
 O Level 27 Short Blades
 O Level 27 Axes
 O Level 27 Throwing
 O Level 27 Armour
 O Level 27 Dodging
 O Level 27 Stealth
 O Level 27 Unarmed Combat
 O Level 27 Spellcasting
 O Level 27 Invocations


You had 80 spell levels left.
You didn't know any spells.
Your spell library was empty.

Dungeon Overview and Level Annotations

Branches:
Dungeon (1/1)

Altars:
Makhleb

Annotations:
D The Defiler, The Servant


Innate Abilities, Weirdness & Mutations

You are very small and have problems with some larger weapons.
You are too small for most types of armour.
You have supernaturally acute eyesight. (SInv)
You are a herbivore.
You cover ground extremely quickly.
You need to consume almost no food.


Message History

Your body is wracked with pain!
* * * LOW HITPOINT WARNING * * *
The fleshlord convulses!
The bag of meat convulses!
The fleshlord convulses!
A fleshlord comes into view. It is wielding a +9 great mace.
The dread calls on the powers of darkness!
The fleshlord convulses!
The large bag of meat convulses!
The observer convulses!
The fleshlord convulses!
The bag of meat convulses! x2
The fleshlord convulses!
The eight-headed meat hydra convulses!
Your body is wracked with pain!
* * * LOW HITPOINT WARNING * * *
The eight-headed meat hydra convulses!
The bag of meat convulses!
A dread comes into view.
A fleshlord comes into view. It is wielding a +9 great mace.
The eight-headed meat hydra calls on the powers of darkness!
The eight-headed meat hydra convulses!
The bag of meat convulses! x2
You feel a surge of unholy energy.
The fleshlord convulses! x2
The observer convulses!
The accursed points at you and mumbles some strange words.
Something smites you!
You die...

... ..... #..
..M# . #.. .%.#
o .W###..
...###..
.o..W.###...oL.
.D..☼._D.XMW.
#o§○)%# #§)@)_#
#.))))#
...oo.)_))...%o.
....Lp###O%%%%O.
..###Wp .O.###o.
.


#DG ...# O #.. ..z# Dp. .X.Mp W. ..%. You could see 3 accurseds, 2 tyrants, 4
eight-headed meat hydras, an observer (invisible), 4 fleshlords, a sculptor of
flesh, a large bag of meat (inner flame), a large abomination, 4 dreads, 2 meat
berserkers and 6 bags of meat.

Vanquished Creatures
  7 hell beasts (D)
  6 greater mummies (D)
  4 great orbs of eyes (D)
  3 wraiths (D)
  18 vampire knights (D)
  41 ogres (D)
  6 two-headed ogres (D)
  3 liches (D)
  2 hydras (D)
  60 orcs (D)
  2 phantoms (D)
  6 skeletal warriors (D)
  A sea snake (D)
  4 large abominations (D)
  11 small abominations (D)
  11 crawling corpses (D)
185 creatures vanquished.

Vanquished Creatures (others)
  4 crawling corpses (D)
4 creatures vanquished.

Grand Total: 189 creatures vanquished

Notes
Turn   | Place    | Note
-------+----------+-------------------------------------------
     0 | D        | Found the +∞ Axe of Woe
     0 | D        | Groucho the Spriggan Abyssal Knight began the quest for the
                  | Orb.
     0 | D        | Reached XP level 1. HP: 11/11 MP: 3/3
     4 | D        | Fell from the grace of Lugonu
     4 | D        | Became a worshipper of Makhleb the Destroyer
     4 | D        | Noticed a bag of meat
     4 | D        | Noticed a bag of meat
     5 | D        | Noticed a bag of meat
     6 | D        | Noticed a bag of meat
     7 | D        | Noticed a bag of meat
     7 | D        | Noticed a bag of meat
     8 | D        | Noticed a bag of meat
    11 | D        | Killed a bag of meat
    11 | D        | Reached XP level 2. HP: 16/16 MP: 4/4
    11 | D        | Reached XP level 3. HP: 19/19 MP: 5/5
    11 | D        | Reached XP level 4. HP: 23/23 MP: 6/6
    11 | D        | Reached XP level 5. HP: 27/27 MP: 7/7
    11 | D        | Reached XP level 6. HP: 32/32 MP: 8/8
    11 | D        | Reached XP level 7. HP: 35/35 MP: 9/9
    11 | D        | Reached XP level 8. HP: 39/39 MP: 10/10
    11 | D        | Reached XP level 9. HP: 43/43 MP: 11/11
    11 | D        | Reached XP level 10. HP: 47/47 MP: 12/12
    11 | D        | Reached XP level 11. HP: 51/51 MP: 13/13
    11 | D        | Noticed a bag of meat
    12 | D        | Killed a bag of meat
    12 | D        | Reached * piety under Makhleb
    12 | D        | Reached skill level 27 in Dodging
    12 | D        | Reached XP level 12. HP: 20/56 MP: 14/14
    12 | D        | Killed a bag of meat
    12 | D        | Reached XP level 13. HP: 59/59 MP: 15/15
    12 | D        | Killed a bag of meat
    12 | D        | Reached XP level 14. HP: 63/63 MP: 16/16
    12 | D        | Killed a bag of meat
    12 | D        | Reached ** piety under Makhleb
    12 | D        | Reached skill level 27 in Axes
    12 | D        | Noticed a bag of meat
    13 | D        | Killed a bag of meat
    13 | D        | Reached XP level 15. HP: 80/80 MP: 17/17
    13 | D        | Noticed a meat berserker
    15 | D        | Reached skill level 15 in Fighting
    15 | D        | Noticed a meat berserker
    17 | D        | Reached *** piety under Makhleb
    17 | D        | Reached skill level 15 in Armour
    17 | D        | Reached XP level 16. HP: 63/98 MP: 18/18
    18 | D        | Noticed a meat berserker
    18 | D        | Noticed a meat berserker
    20 | D        | Killed a meat berserker
    20 | D        | Killed a meat berserker
    20 | D        | Reached XP level 17. HP: 113/113 MP: 19/19
    22 | D        | Noticed a large bag of meat
    23 | D        | Killed a meat berserker
    23 | D        | Reached **** piety under Makhleb
    23 | D        | Reached XP level 18. HP: 8/123 MP: 20/20
    24 | D        | Killed a meat berserker
    24 | D        | Reached ***** piety under Makhleb
    24 | D        | Reached skill level 27 in Fighting
    25 | D        | Noticed a meat berserker
    26 | D        | Reached skill level 27 in Armour
    26 | D        | Reached XP level 19. HP: 132/132 MP: 21/21
    28 | D        | Noticed a meat berserker
    30 | D        | Killed a large bag of meat
    30 | D        | Reached skill level 27 in Unarmed Combat
    30 | D        | Reached XP level 20. HP: 115/137 MP: 21/26
    30 | D        | Reached skill level 10 in Throwing
    30 | D        | Reached skill level 10 in Invocations
    30 | D        | Noticed a destroyer
    31 | D        | Reached ****** piety under Makhleb
    32 | D        | Killed a meat berserker
    32 | D        | Reached skill level 15 in Short Blades
    32 | D        | Reached skill level 15 in Throwing
    32 | D        | Reached skill level 15 in Invocations
    32 | D        | Reached XP level 21. HP: 142/142 MP: 21/44
    32 | D        | Noticed a destroyer
    33 | D        | Noticed a large bag of meat
    34 | D        | Noticed a destroyer
    35 | D        | Killed a destroyer
    35 | D        | Reached skill level 27 in Stealth
    36 | D        | Reached XP level 22. HP: 148/148 MP: 22/51
    37 | D        | Killed a destroyer
    37 | D        | Reached skill level 27 in Spellcasting
    40 | D        | Killed a large bag of meat
    40 | D        | Reached skill level 27 in Short Blades
    40 | D        | Reached skill level 27 in Throwing
    40 | D        | Reached skill level 27 in Invocations
    40 | D        | Reached XP level 23. HP: 153/153 MP: 23/55
    40 | D        | Noticed a large bag of meat
    40 | D        | Noticed a destroyer
    42 | D        | Noticed a destroyer
    43 | D        | Noticed a destroyer
    46 | D        | Killed a destroyer
    46 | D        | Reached XP level 24. HP: 158/158 MP: 25/55
    46 | D        | Noticed a destroyer
    48 | D        | Noticed a tyrant
    48 | D        | Killed a destroyer
    48 | D        | Reached XP level 25. HP: 163/163 MP: 25/55
    49 | D        | Noticed a destroyer
    50 | D        | Killed a large bag of meat
    51 | D        | Reached XP level 26. HP: 152/169 MP: 26/55
    52 | D        | Noticed an accursed
    52 | D        | Killed a destroyer
    54 | D        | Killed a destroyer
    54 | D        | Noticed a destroyer
    55 | D        | Reached XP level 27. HP: 174/174 MP: 27/55
    56 | D        | Killed a destroyer
    57 | D        | Killed a destroyer
    58 | D        | Noticed an accursed
    58 | D        | Noticed an accursed
    59 | D        | Killed a destroyer
    60 | D        | Noticed a large bag of meat
    60 | D        | Noticed a destroyer
    64 | D        | Killed an accursed
    67 | D        | Noticed a destroyer
    70 | D        | Noticed a large bag of meat
    70 | D        | Killed an accursed
    70 | D        | Noticed a destroyer
    71 | D        | Killed a tyrant
    71 | D        | Killed a large bag of meat
    73 | D        | Killed an accursed
    75 | D        | Noticed a meat beast
    75 | D        | Noticed a tyrant
    76 | D        | Killed a destroyer
    76 | D        | Noticed a meat beast
    77 | D        | Killed a destroyer
    79 | D        | Noticed a meat beast
    79 | D        | Noticed an accursed
    80 | D        | Killed a meat beast
    83 | D        | Killed a meat beast
    83 | D        | Killed a meat beast
    84 | D        | Noticed a meat beast
    86 | D        | Killed a meat beast
    88 | D        | Killed a destroyer
    91 | D        | Killed a large bag of meat
    91 | D        | Noticed an accursed
    93 | D        | Killed a tyrant
    96 | D        | Noticed a dread
    96 | D        | Noticed a meat beast
    97 | D        | Killed an accursed
   102 | D        | Noticed a dread
   103 | D        | Killed a meat beast
   103 | D        | Noticed a tyrant
   103 | D        | Noticed a large bag of meat
   104 | D        | Noticed a dread
   104 | D        | Killed a dread
   105 | D        | Noticed a meat beast
   110 | D        | Noticed a destroyer
   113 | D        | Killed a meat beast
   114 | D        | Killed an accursed
   115 | D        | Killed a destroyer
   118 | D        | Noticed a dread
   118 | D        | Noticed a destroyer
   120 | D        | Noticed a meat beast
   120 | D        | Killed a large bag of meat
   120 | D        | Noticed a destroyer
   121 | D        | Killed a tyrant
   121 | D        | Noticed a tyrant
   122 | D        | Noticed a dread
   123 | D        | Killed a destroyer
   124 | D        | Noticed an accursed
   125 | D        | Noticed a destroyer
   126 | D        | Killed a meat beast
   126 | D        | Killed a dread
   128 | D        | Noticed an accursed
   128 | D        | Noticed an accursed
   129 | D        | Killed a destroyer
   129 | D        | Killed a destroyer
   129 | D        | Killed an accursed
   129 | D        | Noticed a large bag of meat
   130 | D        | Noticed a destroyer
   131 | D        | Noticed The Defiler
   132 | D        | Killed a destroyer
   132 | D        | Noticed a meat beast
   132 | D        | Noticed a fleshlord
   136 | D        | Noticed a destroyer
   136 | D        | Noticed The Servant
   137 | D        | Noticed a fleshlord
   137 | D        | Killed a dread
   137 | D        | HP: 7/174 [??? (5)]
   137 | D        | Noticed a dread
   138 | D        | Killed a destroyer
   138 | D        | Noticed a fleshlord
   138 | D        | Noticed a large bag of meat
   138 | D        | Noticed a tyrant
   139 | D        | Noticed an accursed
   139 | D        | Noticed a fleshlord
   139 | D        | HP: 3/174 [??? (1)]
   139 | D        | Noticed a dread
   139 | D        | Noticed a fleshlord
   139 | D        | Killed from afar by an accursed

Levels and vault maps discovered:
D:        meatsprint

Skill      XL: |  1  2  3  4  5  6  7  8  9 10 11 12 13 14 15 16 17 18 19 20 21 22 |
---------------+-------------------------------------------------------------------+-----
Axes           | 16 20 23 25 27 | 27.0
Dodging        | 25 27 | 27.0
Fighting       | 9 17 22 25 27 | 27.0
Armour         | 8 15 20 23 27 | 27.0
Unarmed Combat | 11 27 | 27.0
Short Blades   | 4 17 22 27 | 27.0
Throwing       | 3 15 21 27 | 27.0
Stealth        | 4 22 27 | 27.0
Spellcasting   | 3 18 24 27 | 27.0
Invocations    | 3 15 21 27 | 27.0

Action                   |  1- 3 |  4- 6 |  7- 9 | 10-12 | 13-15 | 16-18 | 19-21 | 22-24 | 25-27 || total
-------------------------+-------+-------+-------+-------+-------+-------+-------+-------+-------++-------
Melee: Broad axe         |     1 |       |       |     1 |     4 |     4 |     7 |     8 |    72 ||    97
  Use: Potion            |       |       |       |       |       |       |       |       |     1 ||     1
Armor: Robe              |       |       |       |       |       |       |       |       |     1 ||     1
Dodge: Dodged            |       |       |       |       |       |       |       |       |    19 ||    19

Table legend:
 A = Non-vault XP
 B = Vault XP
 C = Vault XP percentage of total XP
 D = Non-vault monster count
 E = Vault monster count
 F = Vault count percentage of total count
                 A         B        C        D         E       F
            +---------+---------+-------+---------+---------+-------
      Total | 4327694 | 1333915 |  23.6 |     107 |      67 |  38.5
            +---------+---------+-------+---------+---------+-------
          D | 4327694 | 1333915 |  23.6 |     107 |      67 |  38.5
            +---------+---------+-------+---------+---------+-------
